 Dungeon Crawl Stone Soup version 0.31-a0-845-g9abc20d24f (webtiles) character file.

Game seed: 11535169040976772464

583 Kurtz the Chopper (level 7, -7/47 HPs)
             Began as an Octopode Fighter on Oct 1, 2023.
             Was a Follower of Okawaru.
             Splashed by a jelly's acid (9 damage)
             ... on level 5 of the Dungeon.
             The game lasted 00:03:21 (3020 turns).

Kurtz the Chopper (Octopode Fighter)                Turns: 3020, Time: 00:03:22

Health: -7/47      AC: -19   Str: 15    XL:     7   Next: 37%
Magic:  8/8        EV: 14    Int: 10    God:    Okawaru [*.....]
Gold:   333        SH:  5    Dex: 14    Spells: 6/6 levels left

rFire   + . .        a - +0 war axe
rCold   . . .        b - +0 buckler
rNeg    . . .        (helmet restricted)
rPois   .            (no amulet)
rElec   .            e - ring of protection from fire
rCorr   .            p - ring of flight
SInv    .            (no ring)
Will    .....        (no ring)
Stlth   ++           (no ring)
HPRegen 0.27/turn    (no ring)
MPRegen 0.11/turn    (no ring)
                     (no ring)

%: no passive effects
@: corroded, flying
A: almost no armour, amphibious, 8 rings, camouflage 1, gelatinous body 1,
(nimble swimmer 1), tentacles
a: Renounce Religion, Heroism


You were on level 5 of the Dungeon.
You worshipped Okawaru.
Okawaru was aware of your devotion.
You visited 1 branch of the dungeon, and saw 5 of its levels.

You collected 333 gold pieces.

Inventory:

Hand Weapons
 a - a +0 war axe (weapon)
Missiles
 f - 4 boomerangs (quivered)
 h - 5 curare-tipped darts
 l - 4 poisoned darts
Armour
 b - a +0 buckler (worn)
Jewellery
 e - a ring of protection from fire (left tentacle)
 p - a ring of flight (right tentacle)
Talismans
 g - a beast talisman
Scrolls
 i - a scroll of enchant armour {unknown}
 j - 3 scrolls of identify {unknown}
 n - 2 scrolls of amnesia {unknown}
 s - a scroll of noise {unknown}
 t - 3 scrolls of poison {unknown}
Potions
 c - a potion of might
 d - 4 potions of curing {unknown}
 k - a potion of cancellation {unknown}
 m - a potion of resistance {unknown}
 o - a potion of brilliance {unknown}
 q - 2 potions of mutation {unknown}
 r - a potion of invisibility {unknown}


   Skills:
 * Level 3.7 Fighting
 * Level 6.6 Axes
 * Level 3.7 Dodging
 - Level 3.0 Shields
 * Level 1.6 Invocations
 * Level 1.7 Shapeshifting


You had 6 spell levels left.
You didn't know any spells.
Your spell library contained the following spells:

 Spells                   Type           Power      Damage    Failure   Level
 Freeze                   Ice            0%         1d3       45%         1
 Shock                    Conj/Air       0%         1d3       45%         1
 Frozen Ramparts          Ice            0%         1d1       83%         3
 Hailstorm                Conj/Ice       0%         3d3       83%         3
 Swiftness                Air            0%         N/A       83%         3
 Airstrike                Air            0%         2d(0-16)  99%         4


Dungeon Overview and Level Annotations

Branches:
Dungeon (5/15)
 Temple: D:4-7

Altars:
Okawaru
The Shining One


Innate Abilities, Weirdness & Mutations

You cannot wear most types of armour.
You are amphibious.
You can wear up to eight rings at the same time.
Your skin changes colour to match your surroundings (Stealth+).
Your rubbery body absorbs attacks. (AC +1, EV +1)
((You are camouflaged when in or above water. (Stealth+)))
You have tentacles for arms and can constrict up to eight enemies at once.


Message History

You throw a boomerang.
The boomerang hits the ogre but does no damage.
The ogre is almost dead.
You slash the ogre!
You kill the ogre!
Okawaru accepts your kill.
You see here a +0 giant spiked club.
h - 5 curare-tipped darts (gained 1) Partly explored, can't reach some places.
Partly explored, can't reach some places.
You see here a +0 giant spiked club.
You hear a distant slurping noise.
There is a stone staircase leading up here.
You fly upwards.
There is a stone staircase leading down here.
You see here a +0 spear.
There is a stone staircase leading down here.
You fly downwards.
There is a stone staircase leading up here.
A jelly comes into view.
The jelly quivers.
A jelly is nearby!
You barely miss the jelly. The jelly closely misses you.
You slash the jelly! The acid corrodes you!
Your tentacles burn!
The jelly is heavily wounded.
The jelly hits you. The acid corrodes you!
You are splashed with acid!
You hit the jelly but do no damage. The acid corrodes you!
Your tentacles burn!
The jelly is heavily wounded.
The jelly hits you.
You are splashed with acid!
You hit the jelly.
Your tentacles burn!
The jelly is severely wounded.
The jelly hits you. The acid corrodes you!
You are splashed with acid!
* * * LOW HITPOINT WARNING * * *
You hit the jelly.
Your tentacles burn!
* * * LOW HITPOINT WARNING * * *
The jelly is almost dead.
You block the jelly's attack. The jelly hits you.
* * * LOW HITPOINT WARNING * * *
The acid corrodes you!
You are splashed with acid!
You die...

.... ...#
...#
#...###
.......
....#
####....#
#..@J...#
#.###...#
#..<# ..#
##### ##


You could see a jelly.

Vanquished Creatures
  2 ogres
  2 phantoms (D:4)
  A jelly (D:4)
  An orc priest (D:4)
  A gnoll bouda (D:4)
  An orc wizard (D:4)
  3 gnolls (D:4)
  4 adders
  A white imp (D:5)
  A worm (D:2)
  2 dart slugs
  7 orcs (D:4)
  6 ball pythons
  3 endoplasms
  4 giant cockroaches
  4 goblins
  5 hobgoblins
  7 jackals
  3 kobolds
  2 quokkas
  4 bats
  3 frilled lizards
  5 rats
72 creatures vanquished.

Notes
Turn   | Place    | Note
-------+----------+-------------------------------------------
     0 | D:1      | Kurtz the Octopode Fighter began the quest for the Orb.
     0 | D:1      | Reached XP level 1. HP: 16/16 MP: 1/1
   104 | D:1      | Reached XP level 2. HP: 12/21 MP: 2/2
   259 | D:1      | Reached skill level 3 in Axes
   652 | D:2      | Reached XP level 3. HP: 24/26 MP: 3/3
  1015 | D:2      | Reached skill level 4 in Axes
  1079 | D:2      | Reached XP level 4. HP: 15/31 MP: 4/4
  1192 | D:2      | Found a glowing golden altar of the Shining One.
  1528 | D:3      | Found a faded altar of an unknown god.
  1850 | D:4      | Found an iron altar of Okawaru.
  1856 | D:4      | Became a worshipper of Warmaster Okawaru
  1956 | D:4      | Reached skill level 1 in Shapeshifting
  2001 | D:4      | Reached XP level 5. HP: 36/36 MP: 5/5
  2010 | D:4      | Noticed a phantom
  2023 | D:4      | Noticed an ogre
  2024 | D:4      | Killed a phantom
  2025 | D:4      | Reached skill level 5 in Axes
  2138 | D:4      | Noticed a phantom
  2173 | D:4      | Killed a phantom
  2173 | D:4      | Reached * piety under Okawaru
  2174 | D:4      | Reached skill level 1 in Invocations
  2174 | D:4      | Reached XP level 6. HP: 19/42 MP: 6/6
  2721 | D:4      | Reached skill level 6 in Axes
  2785 | D:4      | Reached XP level 7. HP: 46/46 MP: 6/8
  2820 | D:5      | Entered Level 5 of the Dungeon
  3020 | D:5      | HP: 2/47 [jelly (3)]
  3020 | D:5      | Splashed by a jelly's acid

Illustrated notes

Levels and vault maps discovered:
D:1:      lightli_arrival_quake, layout_basic, minmay_crystal_room,
          minmay_stone_trees_small, minmay_bisected
D:2:      kennysheep_six_static_rooms, layout_basic, basic_altar
D:3:      layout_rooms, chequers_ecumenical_altar_simple, serial_bayou_lake_a
D:4:      layout_basic, mainiacjoe_overflow_brackets, kennysheep_generic_room_2
D:5:      layout_basic, minmay_temple_entry_large_hall, minmay_ogre_servants

Skill      XL: |  1  2  3  4  5  6 |
---------------+-------------------+-----
Axes           | 3 4 5 6 |  6.6
Shapeshifting  | 1 |  1.7
Invocations    | 1 |  1.6
Fighting       | |  3.7
Dodging        | |  3.7
Shields        | |  3.0

Action                     |  1- 3 |  4- 6 |  7- 9 || total
---------------------------+-------+-------+-------++-------
  Melee: War axe           |    69 |    65 |     8 ||   142
         Constrict         |    13 |    17 |     1 ||    31
         Tentacles         |     6 |    20 |     1 ||    27
         Punch             |     1 |     1 |       ||     2
  Throw: Boomerang         |       |     6 |     6 ||    12
         Dart              |       |     2 |     1 ||     3
   Stab: Sleeping          |     4 |     2 |       ||     6
 Armour: Skin              |    29 |    38 |     6 ||    73
  Dodge: Dodged            |    46 |    58 |     1 ||   105
  Block: Buckler           |    23 |    12 |     1 ||    36

Table legend: (Time is in decaauts)
 A = Elapsed time spent in this place.
 B = Non-inter-level travel time spent in this place.
 C = Inter-level travel time spent in this place.
 D = Time resting spent in this place.
 E = Time spent auto-exploring this place.
 F = Levels seen in this place.
 G = Mean time per level.
                   A        B        C        D        E       F      G
               +--------+--------+--------+--------+--------+-----+--------+
         Total |   3070 |   2854 |    216 |    443 |   1804 |   5 |  614.0 |
       Dungeon |   3070 |   2854 |    216 |    443 |   1804 |   5 |  614.0 |
               +--------+--------+--------+--------+--------+-----+--------+

Top non-repeatable levels by time:
     D:4: 1001 daAuts
     D:2: 669 daAuts
     D:1: 654 daAuts
     D:3: 571 daAuts
     D:5: 172 daAuts
